 Dungeon Crawl Stone Soup version 0.29.1-1-gd02db6906a (webtiles) character file.

Game seed: 2296820570644409971

37 Zeld the Conjurer (level 3, 0/31 HPs)
             Began as an Ogre Conjurer on Oct 19, 2022.
             Slain by a river rat (4 damage)
             ... summoned by Eustachio
             ... on level 4 of the Dungeon.
             The game lasted 00:03:27 (2076 turns).

Zeld the Conjurer (Ogre Conjurer)                   Turns: 2076, Time: 00:03:28

Health: 0/31       AC:  3    Str: 11    XL:     3   Next: 41%
Magic:  4/7        EV:  9    Int: 21    God:
Gold:   82         SH:  0    Dex:  7    Spells: 5/8 levels left

rFire   . . .      SeeInvis .   (no weapon)
rCold   . . .      Faith    .   (no shield)
rNeg    . . .      Spirit   .   a - +0 robe
rPois   .          Reflect  .   (helmet restricted)
rElec   .          Harm     .   (no cloak)
rCorr   .          Rampage  .   (gloves unavailable)
Will    .....                   (boots unavailable)
Stlth   +.........              (no amulet)
HPRegen 0.10/turn               (no ring)
MPRegen 0.10/turn               (no ring)

@: no status effects
A: large, unfitting armour, tough skin 1
a: no special abilities


You were on level 4 of the Dungeon.
You visited 1 branch of the dungeon, and saw 4 of its levels.

You collected 82 gold pieces.

Inventory:

Armour
 a - a +0 robe (worn)
Scrolls
 d - a scroll of poison {unknown}
 e - a scroll of identify {unknown}
 f - a scroll of fog {unknown}
 g - 3 scrolls of teleportation {unknown}
 h - a scroll of amnesia {unknown}
 i - a scroll of blinking {unknown}
Potions
 b - a potion of magic
 c - a potion of curing {unknown}


   Skills:
 + Level 2.1 Dodging
 + Level 1.7 Stealth
 * Level 3.1 Spellcasting
 * Level 4.0 Conjurations


You had 5 spell levels left.
You knew the following spells:

 Your Spells              Type           Power      Damage    Failure   Level
a - Magic Dart            Conj           80%        1d7       2%          1
b - Searing Ray           Conj           40%        2d5       3%          2

Your spell library contained the following spells:

 Spells                   Type           Power      Damage    Failure   Level
 Necrotise                Necr           12%        1d4       13%         1
 Dazzling Flash           Conj/Hex       22%        N/A       17%         3
 Vampiric Draining        Necr           3%         2d6       36%         3
 Fulminant Prism          Conj/Hex       5%         3d7       50%         4
 Iskenderun's Mystic Bla  Conj/Tloc      11%        2d4       50%         4
 Agony                    Necr           3%         N/A       98%         5


Dungeon Overview and Level Annotations

Branches:
Dungeon (5/15)
 Temple: D:4-7

Altars:

Shops:
D:2 ([(

Annotations:
D:4 Eustachio


Innate Abilities, Weirdness & Mutations

You are too large for most types of armour.
You have tough skin. (AC +1)


Message History

The shadow imp is heavily wounded.
The bat hits you but does no damage.
Eustachio casts a spell.
The rat bites you.
The searing ray misses Eustachio.
The searing ray hits the shadow imp.
You kill the shadow imp!
The shadow imp disappears in a puff of smoke!
The quokka disappears in a puff of smoke!
The river rat disappears in a puff of smoke!
The iron imp closely misses you.
Eustachio casts a spell.
Eustachio blinks!
The rat bites you. The bat hits you.
Unknown command.
The bat barely misses you. The iron imp closely misses you.
The river rat bites you. The rat bites you.
You climb downwards.
There is a stone staircase leading up here.
You start resting.
Magic restored.
You climb upwards.
Level annotation: Eustachio The rat bites you.
The river rat bites you. The river rat barely misses you.
There is a stone staircase leading down, spattered with blood here.
Casting: Searing Ray (safe; 3% risk of failure)
Confirm with . or Enter, or press ? or * to list all spells.
Aiming: Searing Ray (safe; 3% risk of failure)
Press: ? - help, Shift-Dir - straight line, f - Eustachio
Aim: Eustachio, wielding a +0 rapier and wearing a +0 leather armour (severely wounded, 69% to hit)
The searing ray hits Eustachio.
Eustachio is severely wounded. (Press . to maintain the ray.)
The rat bites you. The bat hits you. The river rat bites you.
The river rat barely misses you. Eustachio hits you with a +0 rapier!
* * * LOW HITPOINT WARNING * * *
The searing ray hits Eustachio.
Eustachio is severely wounded.
The bat hits you but does no damage. The rat bites you.
* * * LOW HITPOINT WARNING * * *
The river rat bites you.
You die...

#.#.##.#...##.+
#........# #.#
####.##+#####.#
#.#........#
#..........#
##.........#
#.........#
#r@r.b....#
#.@r......+
##........#
#........#
#........#
##########


You could see Eustachio, 2 river rats, a bat (summoned) and a rat (summoned).

Vanquished Creatures
  A worm (D:2)
  A dart slug (D:2)
  A giant cockroach (D:1)
  5 hobgoblins
  8 kobolds
  2 bats
  2 frilled lizards (D:1)
  8 goblins
  3 rats (D:1)
31 creatures vanquished.

Notes
Turn   | Place    | Note
-------+----------+-------------------------------------------
     0 | D:1      | Zeld the Ogre Conjurer began the quest for the Orb.
     0 | D:1      | Reached XP level 1. HP: 16/16 MP: 3/3
   359 | D:1      | Reached XP level 2. HP: 22/24 MP: 0/5
   869 | D:1      | Found a faded altar of an unknown god.
  1176 | D:2      | Found Zakhlut's Weapon Shop.
  1196 | D:2      | Reached XP level 3. HP: 31/31 MP: 2/7
  1199 | D:2      | Learned a level 2 spell: Searing Ray
  1215 | D:2      | Found Qieteati's Antique Armour Shoppe.
  1362 | D:2      | Found Riparphu's Antique Weapon Shoppe.
  1557 | D:2      | Reached skill level 4 in Conjurations
  1770 | D:2      | You fall into a shaft and drop 2 floors!
  1788 | D:4      | Noticed Eustachio
  1802 | D:5      | Entered Level 5 of the Dungeon
  2076 | D:4      | Slain by a river rat

Illustrated notes

Levels and vault maps discovered:
D:1:      tarquinn_simple_flora_water_b, layout_basic, basic_ecumenical_altar,
          hangedman_decor_growths, st_stairs_2
D:2:      minmay_inner_zag, layout_rooms, serial_shops,
          nicolae_shop_bloodbath_and_beyond, nicolae_shop_behind_doors,
          nicolae_shop_behind_doors, shop, kennysheep_another_room,
          minmay_misc_feat_cross, minmay_misc_feat_square
D:4:      layout_basic, minmay_temple_entry_butterflies,
          kennysheep_generic_room_12, uniq_sigmund, uniq_blork_the_orc,
          uniq_eustachio
D:5:      gammafunk_cloud_chamber, layout_layer_cave, grunt_gozag_breadcrumbs,
          uniq_pikel

Skill      XL: |  1  2  3 |
---------------+----------+-----
Dodging        | 2 |  2.1
Spellcasting   | 3 |  3.1
Conjurations   | 4 |  4.0
Stealth        | |  1.7

Action                   || total
-------------------------++-------
Melee: Unarmed           ||    10
 Cast: Magic Dart        ||    62
       Searing Ray       ||     5
Armor: Robe              ||     8
Dodge: Dodged            ||    20
